 Dungeon Crawl Stone Soup version 0.31-a0-986-g5e6e4ef867 (webtiles) character file.

Game seed: 10199530461086287109

192 Naiya55 the Chopper (level 6, -19/49 HPs)
             Began as a Formicid Fighter on Nov 5, 2023.
             Demolished by an ogre
             ... wielding a +0 giant spiked club
              (31 damage)
             ... on level 4 of the Dungeon.
             The game lasted 00:04:02 (3040 turns).

Naiya55 the Chopper (Formicid Fighter)              Turns: 3040, Time: 00:04:03

Health: -19/49     AC: 10    Str: 22    XL:     6   Next: 2%
Magic:  6/6        EV:  7    Int:  8    God:
Gold:   217        SH:  9    Dex: 13    Spells: 5/5 levels left

rFire   . . .        a - +0 war axe
rCold   . . .        i - +0 kite shield
rNeg    . . .        s - +0 chain mail
rPois   .            (helmet unavailable)
rElec   .            e - +0 cloak
rCorr   .            (no gloves)
SInv    +            (no boots)
Will    .....        (no amulet) Stlth
                     (no ring)
HPRegen 0.28/turn    (no ring)
MPRegen 0.10/turn

%: no passive effects
@: no status effects
A: permanent stasis, dig shafts and tunnels, antennae 3, four strong arms
a: Dig, Shaft Self


You were on level 4 of the Dungeon.
You visited 1 branch of the dungeon, and saw 5 of its levels.

You collected 217 gold pieces.

Inventory:

Hand Weapons
 a - a +0 war axe (weapon)
 t - a +0 morningstar
Armour
 e - a +0 cloak (worn)
 i - a +0 kite shield (worn)
 s - a +0 chain mail (worn)
 u - the +2 chain mail of the Tundras {rPois Dex+3}
   (You found it on level 4 of the Dungeon)

   Dex+3:     It affects your dexterity (+3).
   rPois:     It protects you from poison
Jewellery
 l - an amulet of magic regeneration
 o - a ring of ice
Scrolls
 c - 2 scrolls of teleportation {unknown}
 f - 5 scrolls of identify {unknown}
 g - 3 scrolls of fear {unknown}
 h - a scroll of silence {unknown}
 j - a scroll of vulnerability {unknown}
 k - a scroll of immolation {unknown}
 p - a scroll of enchant armour {unknown}
 q - a scroll of noise {unknown}
Potions
 b - a potion of enlightenment {unknown}
 d - a potion of might
 m - a potion of berserk rage {unknown}
 n - a potion of attraction {unknown}
 r - a potion of heal wounds {unknown}


   Skills:
 + Level 4.7 Fighting
 * Level 4.8 Axes
 - Level 3.2 Armour
 - Level 4.0 Shields


You had 5 spell levels left.
You didn't know any spells.
Your spell library contained the following spells:

 Spells                   Type           Power      Damage    Failure   Level
 Freeze                   Ice            0%         1d3       100%        1
 Ensorcelled Hibernation  Hex/Ice        0%         N/A       100%        2
 Jinxbite                 Hex            0%         N/A       100%        2
 Frozen Ramparts          Ice            0%         1d1       100%        3
 Hailstorm                Conj/Ice       0%         3d3       100%        3
 Anguish                  Hex/Necr       0%         N/A       100%        4


Dungeon Overview and Level Annotations

Branches:
Dungeon (5/15)
 Temple: D:4-7

Altars:
Elyvilon
Uskayaw
Wu Jian
Zin

Shops:
D:2 [


Innate Abilities, Weirdness & Mutations

You cannot be hasted, slowed, berserked, paralysed or teleported.
You can dig through walls and to a lower floor.
You have a pair of large antennae on your head. (SInv)
Your four strong arms can wield two-handed weapons with a shield.


Message History

The goblin hits you but does no damage. You block the giant cockroach's attack.
You barely miss the giant cockroach. You closely miss the goblin.
The goblin completely misses you. The giant cockroach barely misses you.
The goblin hits you but does no damage.
You hit the giant cockroach.
You kill the giant cockroach!
You slash the goblin!
You kill the goblin!
No target in view!
No target in view!
No target in view!
No target in view!
No target in view!
No target in view!
No target in view!
No target in view!
No target in view!
No target in view!
No target in view!
No target in view!
You see here the +2 chain mail of the Tundras {rPois Dex+3}.
An ogre is nearby!
An ogre is nearby!
An ogre is nearby!
The ogre shouts!
You see here the +2 chain mail of the Tundras {rPois Dex+3}.
u - the +2 chain mail of the Tundras {rPois Dex+3}
Okay, then.
You barely miss the ogre. You block the ogre's attack.
You slash the ogre!
The ogre is moderately wounded.
The ogre hits you with a +0 giant spiked club!
You hit the ogre.
The ogre is heavily wounded.
The ogre hits you with a +0 giant spiked club!!
* * * LOW HITPOINT WARNING * * *
The ogre attacks as it pursues you!
The ogre hits you with a +0 giant spiked club!!
Ouch! That really hurt!
You die...

#.....................##
#.................###.##
#.................#.....
#.................#.....
#...)..............._..
.##..............##.....
.......#.##.......##.....
.#####....##......####.##
..######@O###.....####...
#.$......................
##########...........#...
#.#........###..
...#####...†....# ######
#..#######..#[##...
...{....# #.#
........)<.... .......#
#.. ...##.......# .......
.. #####.......#


You could see an ogre.

Vanquished Creatures
  An orc priest (D:4)
  5 adders
  4 dart slugs
  9 orcs
  8 ball pythons
  8 endoplasms
  8 giant cockroaches
  6 goblins
  7 hobgoblins
  10 jackals
  A quokka (D:4)
  9 bats
  7 frilled lizards
  8 kobolds
  3 rats
94 creatures vanquished.

Notes
Turn   | Place    | Note
-------+----------+-------------------------------------------
     0 | D:1      | Naiya55 the Formicid Fighter began the quest for the Orb.
     0 | D:1      | Reached XP level 1. HP: 18/18 MP: 1/1
   186 | D:1      | Reached XP level 2. HP: 24/24 MP: 2/2
   246 | D:1      | Found a faded altar of an unknown god.
   346 | D:1      | Reached XP level 3. HP: 29/30 MP: 3/3
   853 | D:2      | Found Tewnu's Armour Shoppe.
   901 | D:2      | Reached XP level 4. HP: 37/37 MP: 4/4
  1748 | D:3      | Reached XP level 5. HP: 42/42 MP: 5/5
  2054 | D:3      | Found a white marble altar of Elyvilon.
  2656 | D:4      | Noticed an ogre
  2686 | D:5      | Entered Level 5 of the Dungeon
  2686 | D:5      | Noticed a centaur
  2686 | D:5      | Noticed an ogre
  2686 | D:5      | Found a hide-covered altar of Uskayaw.
  2705 | D:4      | Found an ornate altar of the Wu Jian Council.
  2906 | D:4      | Found a glowing silver altar of Zin.
  2949 | D:4      | Reached XP level 6. HP: 43/49 MP: 6/6
  3028 | D:4      | Identified the +2 chain mail of the Tundras {rPois Dex+3}
  3040 | D:4      | Demolished by an ogre

Illustrated notes

Levels and vault maps discovered:
D:1:      dpeg_arrival_signposts, layout_basic,
          shapermc_ecumenical_altar_mp_urbaneastern
D:2:      wad_crossroads, layout_basic, serial_shops, nicolae_shop_tiny_glass,
          serial_glass, glass_columns_a, glass_columns_a
D:3:      layout_basic, nicolae_overflow_hidden_temple, minmay_diced_spiral
D:4:      layout_rooms, worldfamousw_hep_ancestral_shrine,
          nzn_wu_jian_council_hall, nicolae_overflow_crystal_walls
D:5:      layout_rooms, okawaru_metal_pillars_1_2, mainiacjoe_overflow_catwalk,
          jmf_multi_god_temple2, mainiacjoe_overflow_24_doors,
          minmay_temple_entry_statues_pillars, uniq_blork_the_orc

Skill      XL: |  1  2  3  4 |
---------------+-------------+-----
Axes           | 3 4 |  4.8
Fighting       | 4 |  4.7
Armour         | |  3.2
Shields        | |  4.0

Action                     |  1- 3 |  4- 6 || total
---------------------------+-------+-------++-------
  Melee: War axe           |    83 |   173 ||   256
 Armour: Scale mail        |    51 |   108 ||   159
         Chain mail        |       |    15 ||    15
  Dodge: Dodged            |    66 |    74 ||   140
  Block: Buckler           |    23 |     5 ||    28
         Kite shield       |       |    79 ||    79

Table legend: (Time is in decaauts)
 A = Elapsed time spent in this place.
 B = Non-inter-level travel time spent in this place.
 C = Inter-level travel time spent in this place.
 D = Time resting spent in this place.
 E = Time spent auto-exploring this place.
 F = Levels seen in this place.
 G = Mean time per level.
                   A        B        C        D        E       F      G
               +--------+--------+--------+--------+--------+-----+--------+
         Total |   3142 |   3059 |     83 |    168 |   2124 |   5 |  628.4 |
       Dungeon |   3142 |   3059 |     83 |    168 |   2124 |   5 |  628.4 |
               +--------+--------+--------+--------+--------+-----+--------+

Top non-repeatable levels by time:
     D:3: 1013 daAuts
     D:2: 996 daAuts
     D:1: 805 daAuts
     D:4: 315 daAuts
     D:5: 11 daAuts
